 Dungeon Crawl Stone Soup version 0.30-a0-122-g2a1322497e (webtiles) character file.

Game seed: 8943457903564341629

1383 freelancePsychic the Shield-Bearer (level 8, -12/67 HPs)
             Began as a Gnoll Fighter on Sept 16, 2022.
             Was a Follower of Nemelex Xobeh.
             Killed from afar by an oklob plant (33 damage)
             ... with a splash of acid
             ... on level 6 of the Dungeon.
             The game lasted 00:08:51 (5626 turns).

freelancePsychic the Shield-Bearer (Gnoll Fighter)  Turns: 5626, Time: 00:08:51

Health: -12/67     AC:  9    Str: 19    XL:     8   Next: 67%
Magic:  13/13      EV:  8    Int:  7    God:    Nemelex Xobeh [*.....]
Gold:   364        SH: 10    Dex: 11    Spells: 14/14 levels left

rFire   . . .      SeeInvis +    a - +3 flail
rCold   . . .      Faith    .    c - +0 buckler
rNeg    . . .      Spirit   .    y - +0 chain mail
rPois   .          Reflect  +    g - +0 helmet
rElec   .          Harm     .    (no cloak)
rCorr   .          Rampage  .    s - +0 pair of gloves
Will    .....                    (no boots)
Stlth   ..........               v - amulet of reflection
HPRegen 0.21/turn                B - ring of see invisible
MPRegen 0.13/turn                (no ring)

@: corroded
A: fangs 1, strong nose, distributed training
a: Renounce Religion, Draw Escape, Draw Destruction, Draw Summoning


You were on level 6 of the Dungeon.
You worshipped Nemelex Xobeh.
Nemelex Xobeh was aware of your devotion.
You visited 1 branch of the dungeon, and saw 6 of its levels.
You also visited: Sewer.

You collected 382 gold pieces.
You donated 18 gold pieces to Zin.

Inventory:

Hand Weapons
 a - a +3 flail (weapon)
 b - a +0 arbalest
Missiles
 d - a poisoned dart (quivered)
 D - 4 boomerangs
Armour
 c - a +0 buckler (worn)
 g - a +0 helmet (worn)
 s - a +0 pair of gloves (worn)
 y - a +0 chain mail (worn)
Jewellery
 v - an amulet of reflection (around neck)
 B - a ring of see invisible (left hand)
Wands
 t - a wand of digging (3)
 x - a wand of iceblast (6)
Scrolls
 e - 4 scrolls of enchant weapon
 k - 4 scrolls of vulnerability
 n - 2 scrolls of amnesia
 u - 2 scrolls of immolation
 z - a scroll of teleportation {@r4}
 A - 2 scrolls of identify {@r1}
Potions
 f - 2 potions of brilliance
 h - a potion of mutation
 i - 2 potions of magic
 j - 2 potions of curing {@q1}
 l - a potion of cancellation
 m - a potion of flight
 o - 2 potions of haste {@q3}
 p - a potion of attraction
 q - 3 potions of ambrosia {unknown}
 r - 2 potions of degeneration
 w - 2 potions of lignification {unknown}
 C - a potion of heal wounds {@q2}


   Skills:
 + Level 7.5 Fighting
 + Level 3.6 Short Blades
 + Level 3.6 Long Blades
 + Level 3.6 Axes
 + Level 5.9 Maces & Flails
 + Level 3.6 Polearms
 + Level 3.6 Staves
 + Level 3.6 Ranged Weapons
 + Level 3.6 Throwing
 + Level 7.5 Armour
 + Level 3.6 Dodging
 + Level 3.6 Stealth
 + Level 7.5 Shields
 + Level 3.6 Unarmed Combat
 + Level 3.6 Spellcasting
 + Level 3.0 Conjurations
 + Level 3.0 Hexes
 + Level 3.0 Summonings
 + Level 3.0 Necromancy
 + Level 3.0 Translocations
 + Level 3.0 Transmutations
 + Level 3.0 Fire Magic
 + Level 3.0 Ice Magic
 + Level 3.0 Air Magic
 + Level 3.0 Earth Magic
 + Level 3.0 Poison Magic
 + Level 4.0 Invocations
 + Level 3.6 Evocations


You had 14 spell levels left.
You didn't know any spells.
Your spell library contained the following spells:

 Spells                   Type           Power      Damage    Failure   Level
 Tukima's Dance           Hex            5%         N/A       97%         3
 Passage of Golubria      Tloc           5%         N/A       100%        4
 Yara's Violent Unravell  Hex/Tmut       2%         3d3       100%        5


Dungeon Overview and Level Annotations

Branches:
Dungeon (6/15)             Temple (0/1) D:5           Sewer (visited)

Altars:
Dithmenos
Fedhas
Gozag
Nemelex Xobeh
Okawaru
Qazlal
Zin
The Shining One

Annotations:
D:4 2 transporters
D:6 exclusion: oklob plant


Innate Abilities, Weirdness & Mutations

You have very sharp teeth.
Your uncanny sense of smell can sniff out nearby items.
Your experience applies equally to all skills.


Message History

You start resting.
HP restored.
Really walk into a travel-excluded area?
You draw a card...
You have drawn the Storm.
A fierce wind blows from the card.
The electrical discharge engulfs the oklob plant!
The oklob plant is lightly damaged.
You hear mighty peals of thunder!
You hear an angry growl.
You draw a card...
You have drawn the Orb.
Press: ? - help, Shift-Dir - straight line, f - oklob plant
Aim: an oklob plant (lightly damaged)
The orb of destruction hits the oklob plant!!
The oklob plant is severely damaged.
You draw a card...
You have drawn the Orb.
Press: ? - help, Shift-Dir - straight line, f/p - oklob plant
Aim: an oklob plant (severely damaged)
Your orb of destruction hits a rock wall. x3
Your orb of destruction hits a rock wall. x3
You draw a card...
You have drawn the Orb.
Press: ? - help, Shift-Dir - straight line, f/p - oklob plant
Aim: an oklob plant (severely damaged)
Your orb of destruction hits a rock wall. x2
The deck of cards disappears without a trace.
The oklob plant spits acid at you. The splash of acid hits you!!
The acid corrodes you!
There is an open door here.
The oklob plant spits acid at you. The splash of acid hits you!!
* * * LOW HITPOINT WARNING * * *
That deck is empty!
The oklob plant spits acid at you. The splash of acid misses you.
There is an open door here.
The oklob plant spits acid at you. The splash of acid hits you!!
You die...
Your body disappears without a glow.

.........####...###.....###
..#........#....# #.......##
..#.....<###...#####..##...####
.........#)...##..##...........
...)..##.()))..................
......###########..°...........
......####...####..°..........#
.......#.......##.............#
.......#...P...'@..............
.......#.......##..............
.......###...####...###........
#.....## #### #..... ...#...
#####.. ####......#.## ## .. ∆
.......# .# ∆ ...#..## .#
..###.# .....


You could see an oklob plant.

Vanquished Creatures
  A water moccasin (D:5)
  An ice beast (D:6)
  An orc warrior (D:6)
  A black bear (D:5)
  2 phantoms
  3 scorpions
  3 orc priests
  A hound (D:6)
  5 jellies (D:6)
  A hell rat (Sewer)
  3 iguanas
  2 orc wizards
  A gnoll (D:1)
  6 adders
  2 river rats (Sewer)
  An ufetubus (D:6)
  4 worms
  2 dart slugs (D:2)
  34 orcs
  7 ball pythons
  19 endoplasms
  5 giant cockroaches
  3 goblins
  10 hobgoblins
  3 kobolds
  3 quokkas
  A bat (D:3)
  2 frilled lizards
  8 rats
135 creatures vanquished.

Vanquished Creatures (others)
  8 fungi (D:6)
8 creatures vanquished.

Grand Total: 143 creatures vanquished

Notes
Turn   | Place    | Note
-------+----------+-------------------------------------------
     0 | D:1      | freelancePsychic the Gnoll Fighter began the quest for the
                  | Orb.
     0 | D:1      | Reached XP level 1. HP: 23/23 MP: 1/1
    33 | D:1      | Reached XP level 2. HP: 23/29 MP: 2/2
   666 | D:1      | Reached XP level 3. HP: 27/35 MP: 3/3
   991 | D:1      | Found a faded altar of an unknown god.
  1185 | D:1      | Prayed at the altar of an unknown god.
  1185 | D:1      | Became a worshipper of Zin the Law-Giver
  1185 | D:1      | Reached * piety under Zin
  1284 | D:2      | Reached ** piety under Zin
  1332 | D:2      | Reached skill level 1 in Invocations
  1444 | D:2      | Found a stormy altar of Qazlal.
  1743 | D:2      | Reached *** piety under Zin
  1828 | D:2      | Reached skill level 1 in Short Blades
  1828 | D:2      | Reached skill level 1 in Long Blades
  1828 | D:2      | Reached skill level 1 in Axes
  1828 | D:2      | Reached skill level 1 in Polearms
  1828 | D:2      | Reached skill level 1 in Staves
  1828 | D:2      | Reached skill level 1 in Ranged Weapons
  1828 | D:2      | Reached skill level 1 in Throwing
  1828 | D:2      | Reached skill level 1 in Dodging
  1828 | D:2      | Reached skill level 1 in Stealth
  1828 | D:2      | Reached skill level 1 in Unarmed Combat
  1828 | D:2      | Reached skill level 1 in Spellcasting
  1828 | D:2      | Reached skill level 1 in Evocations
  1994 | D:3      | Found a shadowy altar of Dithmenos.
  2084 | D:3      | Found a sparkling altar of Nemelex Xobeh.
  2088 | D:3      | Fell from the grace of Zin
  2088 | D:3      | Became a worshipper of Nemelex Xobeh the Trickster
  2246 | D:3      | Reached skill level 1 in Conjurations
  2246 | D:3      | Reached skill level 1 in Hexes
  2246 | D:3      | Reached skill level 1 in Summonings
  2246 | D:3      | Reached skill level 1 in Necromancy
  2246 | D:3      | Reached skill level 1 in Translocations
  2246 | D:3      | Reached skill level 1 in Transmutations
  2246 | D:3      | Reached skill level 1 in Fire Magic
  2246 | D:3      | Reached skill level 1 in Ice Magic
  2246 | D:3      | Reached skill level 1 in Air Magic
  2246 | D:3      | Reached skill level 1 in Earth Magic
  2246 | D:3      | Reached skill level 1 in Poison Magic
  2246 | D:3      | Reached XP level 4. HP: 13/41 MP: 5/5
  2603 | D:3      | Found an opulent altar of Gozag.
  2659 | D:3      | Reached XP level 5. HP: 47/47 MP: 5/7
  2841 | D:3      | Found an iron altar of Okawaru.
  2841 | D:3      | Found a blossoming altar of Fedhas.
  3030 | D:4      | Found a transporter.
  3041 | D:4      | Reached XP level 6. HP: 15/53 MP: 8/8
  3102 | D:4      | Found a transporter.
  3192 | D:4      | Reached skill level 5 in Maces & Flails
  3207 | D:4      | Reached * piety under Nemelex Xobeh
  3212 | D:4      | Found a glowing drain.
  3222 | Sewer    | Entered a sewer
  3732 | D:4      | Found a glowing golden altar of the Shining One.
  3871 | D:5      | Entered Level 5 of the Dungeon
  3881 | D:5      | Noticed a water moccasin
  3883 | D:5      | Killed a water moccasin
  3884 | D:5      | Reached XP level 7. HP: 53/60 MP: 10/10
  4162 | D:5      | Received a gift from Nemelex Xobeh
  4687 | D:5      | Found a staircase to the Ecumenical Temple.
  4936 | D:6      | Reached XP level 8. HP: 63/67 MP: 12/12
  5431 | D:6      | Noticed an oklob plant
  5626 | D:6      | Killed from afar by an oklob plant

Illustrated notes

Levels and vault maps discovered:
D:1:      dpeg_arrival_tiny_e, layout_basic, nicolae_ecumenical_snake_handling,
          minmay_misc_feat_plants, st_stairs_10
D:2:      layout_basic, basic_altar, minmay_misc_feat_columns
D:3:      layout_rooms, amcnicky_altar_gilded, mainiacjoe_overflow_divided_tiny,
          nicolae_dithmenos_shadow_blocks, nemelex_dance_club_becter
D:4:      gammafunk_wand_slinger, layout_rooms, tso_oasis_becter,
          portal_sewer_entry_f
D:5:      layout_basic, minmay_temple_entry_fiery
D:6:      lemuel_slime, layout_cave_pools, nzn_wu_jian_council_hall,
          trog_ov_bears_minmay, serial_shops, shop, uniq_eustachio,
          uniq_prince_ribbit1

Skill      XL: |  1  2  3  4  5  6  7  8 |
---------------+-------------------------+-----
Invocations    | 1 2 3 4 |  4.0
Short Blades   | 1 2 3 |  3.6
Long Blades    | 1 2 3 |  3.6
Axes           | 1 2 3 |  3.6
Polearms       | 1 2 3 |  3.6
Staves         | 1 2 3 |  3.6
Ranged Weapons | 1 2 3 |  3.6
Throwing       | 1 2 3 |  3.6
Dodging        | 1 2 3 |  3.6
Stealth        | 1 2 3 |  3.6
Unarmed Combat | 1 2 3 |  3.6
Spellcasting   | 1 2 3 |  3.6
Evocations     | 1 2 3 |  3.6
Conjurations   | 1 2 3 |  3.0
Hexes          | 1 2 3 |  3.0
Summonings     | 1 2 3 |  3.0
Necromancy     | 1 2 3 |  3.0
Translocations | 1 2 3 |  3.0
Transmutations | 1 2 3 |  3.0
Fire Magic     | 1 2 3 |  3.0
Ice Magic      | 1 2 3 |  3.0
Air Magic      | 1 2 3 |  3.0
Earth Magic    | 1 2 3 |  3.0
Poison Magic   | 1 2 3 |  3.0
Maces & Flails | 5 |  5.9
Fighting       | 7 |  7.5
Armour         | 7 |  7.5
Shields        | 7 |  7.5

Action                   |  1- 3 |  4- 6 |  7- 9 || total
-------------------------+-------+-------+-------++-------
Melee: Flail             |   104 |   170 |   194 ||   468
       Bite              |     5 |    12 |    20 ||    37
Throw: Dart              |     3 |     4 |       ||     7
Invok: Draw Destruction  |       |       |     7 ||     7
Evoke: Wand              |       |     3 |       ||     3
  Use: Potion            |     2 |     2 |       ||     4
       Scroll            |       |    10 |     4 ||    14
Armor: Scale mail        |    44 |    66 |     5 ||   115
       Chain mail        |       |       |    91 ||    91
Dodge: Dodged            |    38 |    79 |    59 ||   176
Block: Buckler           |    24 |    94 |    88 ||   206
       Reflection        |       |       |     1 ||     1

Table legend: (Time is in decaauts)
 A = Elapsed time spent in this place.
 B = Non-inter-level travel time spent in this place.
 C = Inter-level travel time spent in this place.
 D = Time resting spent in this place.
 E = Time spent auto-exploring this place.
 F = Levels seen in this place.
 G = Mean time per level.
                   A        B        C        D        E       F      G
               +--------+--------+--------+--------+--------+-----+--------+
         Total |   5721 |   5464 |    257 |    352 |   3924 |   7 |  817.3 |
       Dungeon |   5364 |   5107 |    257 |    188 |   3851 |   6 |  894.0 |
         Sewer |    357 |    357 |      0 |    164 |     73 |   1 |  357.0 |
               +--------+--------+--------+--------+--------+-----+--------+

Top non-repeatable levels by time:
     D:1: 1220 daAuts
     D:5: 1031 daAuts
     D:3: 1016 daAuts
     D:6: 753 daAuts
     D:2: 731 daAuts
     D:4: 610 daAuts
   Sewer: 357 daAuts
